 Dungeon Crawl Stone Soup version 0.26.0-45-g9c1d065592 (webtiles) character file.

Game seed: 17087428064870171186

(classic levelgen) 110 thiole the Stinger (level 4, 0/27 HPs)
             Began as an Octopode Venom Mage on Jan 27, 2021.
             Slain by an orc wizard
             ... wielding a +0 dagger
              (1 damage)
             ... on level 3 of the Dungeon.
             The game lasted 00:03:37 (1872 turns).

thiole the Stinger (Octopode Venom Mage)            Turns: 1872, Time: 00:03:38

Health: 0/27       AC:  3    Str:  7    XL:     4   Next: 91%
Magic:  3/7        EV: 13    Int: 18    God:
Gold:   111        SH:  0    Dex: 14    Spells: 4/8 levels left

rFire    . . .     SeeInvis .   e - +0 dagger (venom)
rCold    . . .     Faith    .   (no shield)
rNeg     . . .     Spirit   .   f - +2 hat
rPois    .         Reflect  .   (no amulet)
rElec    .         Harm     .   (no ring)
rCorr    .         Rampage  .   (no ring)
Will     .....                  (no ring)
Stlth    +++.......             (no ring)
HPRegen  0.00/turn              (no ring)
MPRegen  0.10/turn              (no ring)
                                (no ring)
                                (no ring)

@: mighty, slowed, very slow
A: almost no armour, stealthy swim, amphibious, 8 rings, constrict 8, camouflage
1, agile 1, inhibited regeneration, gelatinous body 1
a: no special abilities


You were on level 3 of the Dungeon.
You visited 1 branch of the dungeon, and saw 3 of its levels.

You collected 111 gold pieces.

Inventory:

Hand Weapons
 e - a +0 dagger of venom (weapon)
Armour
 f - a +2 hat (worn)
Scrolls
 c - 3 scrolls of identify {unknown}
 d - a scroll of immolation {unknown}
Potions
 a - 2 potions of mutation
 g - a potion of brilliance {unknown}


   Skills:
 - Level 2.0 Dodging
 + Level 3.6 Stealth
 + Level 2.5 Spellcasting
 * Level 2.5 Transmutations
 + Level 0.8 Fire Magic
 * Level 4.6 Poison Magic


You had 4 spell levels left.
You knew the following spells:

 Your Spells              Type           Power        Failure   Level
a - Sting                 Tmut/Pois      60%          3%          1
b - Ignite Poison         Fire/Tmut/Pois 12%          17%         3

Your spell library contained the following spells:

 Spells                   Type           Power        Failure   Level
 Poisonous Vapours        Pois/Air       20%          10%         2
 Mephitic Cloud           Conj/Pois/Air  7%           26%         3
 Olgreb's Toxic Radiance  Pois           19%          26%         4


Dungeon Overview and Level Annotations

Branches:
Dungeon (2/15)

Altars:


Innate Abilities, Weirdness & Mutations

You cannot wear most types of armour.
You are very stealthy in the water. (Stealth+)
You are amphibious.
You can wear up to eight rings at the same time.
You can use your tentacles to constrict eight enemies at once.
Your skin changes colour to match your surroundings (Stealth+).
Your rubbery body absorbs attacks. (AC +1, EV +1)
You are agile. (Dex +2)
You do not regenerate when monsters are visible.


Message History

It was a potion of mutation.
You feel extremely strange.
Your regeneration stops near monsters.
You feel agile.
A nearby plant withers and dies.
The orc wizard hits you with a +0 dagger.
The orc hits you but does no damage. The orc closely misses you.
The orc hits you but does no damage.
The orc wizard hits you with a +0 dagger.
* * * LOW HITPOINT WARNING * * *
The orc completely misses you. The orc hits you with a +0 club.
* * * LOW HITPOINT WARNING * * *
The orc hits you with a +0 club.
* * * LOW HITPOINT WARNING * * *
The orc hits the plant with a +0 dagger.
The plant begins to die.
It was a potion of might.
You feel very mighty all of a sudden.
The orc wizard hits you but does no damage.
The orc misses you.
The orc wizard hits you with a +0 dagger.
You die...

### ###.♣# # ##o...#### #.
#Poo...).# #####
#.#######♣o@o..♣..# .....
#.......P..)o.....# ......
#.........≈≈≈≈≈...####......
+........≈≈≈≈♣♣♣...)o'......
#.......♣≈♣≈≈†♣...##oo......
#.......P≈≈≈♣♣....##)≈P#####
######........≈≈≈....####≈♣o#
..............P.♣..P..# #≈≈≈#
#######.#.......|.♣...+ .♣≈ .


You could see an orc wizard (fast) and 5 orcs.

Vanquished Creatures
  An orc priest (D:3)
  An orc wizard (D:3)
  A worm (D:3)
  A dart slug (D:1)
  A leopard gecko (D:3)
  6 orcs (D:3)
  2 giant cockroaches (D:1)
  4 goblins
  2 hobgoblins (D:1)
  4 jackals (D:1)
  5 bats
  2 frilled lizards
  A kobold (D:1)
  6 rats (D:1)
37 creatures vanquished.

Vanquished Creatures (others)
  20 plants (D:3)
20 creatures vanquished.

Grand Total: 57 creatures vanquished

Notes
Turn   | Place    | Note
-------+----------+-------------------------------------------
     0 | D:1      | thiole the Octopode Venom Mage began the quest for the Orb.
     0 | D:1      | Reached XP level 1. HP: 11/11 MP: 3/3
   544 | D:1      | Reached XP level 2. HP: 17/17 MP: 0/5
   842 | D:1      | Reached skill level 4 in Poison Magic
  1172 | D:1      | Reached XP level 3. HP: 21/21 MP: 2/6
  1480 | D:2      | You fall into a shaft and drop 1 floor!
  1538 | D:3      | Learned a level 3 spell: Ignite Poison
  1586 | D:3      | Reached XP level 4. HP: 8/27 MP: 0/7
  1871 | D:3      | Gained mutation: You do not regenerate when monsters are
                  | visible. [potion of mutation]
  1871 | D:3      | Gained mutation: You are agile. (Dex +2) [potion of
                  | mutation]
  1871 | D:3      | HP: 1/27 [orc/+0 club (2)]
  1872 | D:3      | Slain by an orc wizard

Illustrated notes

Levels and vault maps discovered:
D:1:      matt_arrival_spirals, layout_basic
D:2:      layout_basic, kennysheep_generic_room_14, uniq_jessica
D:3:      cheibrodos_pilgrimage, layout_basic, chequers_ecumenical_altar_simple,
          serial_bayou, serial_bayou_pond_a, serial_bayou_pond_e,
          serial_bayou_pond_b, serial_bayou_crossing, serial_bayou_lagoon_a,
          serial_bayou_shore_b

Skill      XL: |  1  2  3 |
---------------+----------+-----
Stealth        | 3 |  3.6
Poison Magic   | 4 |  4.6
Transmutations | 2 |  2.5
Dodging        | |  2.0
Spellcasting   | |  2.5
Fire Magic     | |  0.8

Action                   |  1- 3 |  4- 6 || total
-------------------------+-------+-------++-------
Melee: Unarmed           |     3 |       ||     3
       Constrict         |     8 |     4 ||    12
       Dagger            |    21 |     8 ||    29
       Tentacles         |     1 |       ||     1
 Cast: Sting             |    50 |    12 ||    62
  Use: Potion            |       |     2 ||     2
Armor: Skin              |    10 |     4 ||    14
Dodge: Dodged            |    21 |    15 ||    36
